 Dungeon Crawl Stone Soup version 0.27.0-1-g7a089689b8 (webtiles) character file.

Game seed: 11704755962847262959

7947 Krazlmac the Cleaver (level 11, -1/107 HPs)
             Began as a Troll Berserker on Aug 11, 2021.
             Was a High Priest of Trog.
             Slain by Joseph (9 damage)
             ... on level 10 of the Dungeon.
             The game lasted 00:26:49 (8268 turns).

Krazlmac the Cleaver (Troll Berserker)              Turns: 8268, Time: 00:26:51

Health: -1/107     AC:  8    Str: 30    XL:     11   Next: 3%
Magic:  10/10      EV: 11    Int:  3    God:    Trog [*****.]
Gold:   492        SH:  0    Dex:  9    Spells: 10/10 levels left

rFire    + . .     SeeInvis +   y - +0 giant spiked club
rCold    + + +     Faith    .   (shield currently unavailable)
rNeg     . . .     Spirit   .   r - +4 skin of Zhor {*Englaciate rC+++ SInv}
rPois    +         Reflect  .   (helmet restricted)
rElec    .         Harm     .   (no cloak)
rCorr    .         Rampage  .   (gloves unavailable)
Will     ++...                  (boots unavailable)
Stlth    ++........             (no amulet)
HPRegen  2.27/turn              f - ring of poison resistance
MPRegen  0.12/turn              x - ring of fire

@: strong-willed, regenerating
A: large, unfitting armour, claws 3, regeneration 1, shaggy fur 1, tough skin 1,
cold resistance 1
a: Renounce Religion, Berserk, Trog's Hand, Brothers in Arms


You were on level 10 of the Dungeon.
You worshipped Trog.
Trog was extremely pleased with you.
You visited 1 branch of the dungeon, and saw 10 of its levels.
You also visited: Sewer.

You collected 492 gold pieces.

Inventory:

Hand Weapons
 e - a +1 hand axe of draining
 y - a +0 giant spiked club (weapon)
Armour
 a - a +1 animal skin
 b - a +0 pair of boots
 p - the +2 helmet "Coucvem" {Harm Int+4}
   (You found it in a sewer)

   Int:       It affects your intelligence (+4).
   Harm:      It increases damage dealt and taken.
 r - the +4 skin of Zhor (worn) {*Englaciate rC+++ SInv}
   (You found it on level 7 of the Dungeon)

   It radiates cold, occasionally slowing all nearby creatures who are not
   resistant to cold.
   rC:        It renders you almost immune to cold.
   SInv:      It lets you see invisible.
Jewellery
 d - a ring of see invisible
 f - a ring of poison resistance (left claw)
 x - a ring of fire (right claw)
Wands
 h - a wand of paralysis (6)
 t - a wand of acid (13)
Scrolls
 c - 7 scrolls of identify
 g - 2 scrolls of amnesia
 q - 5 scrolls of teleportation
 s - a scroll of blinking
 w - a scroll of fear {unknown}
Potions
 i - a potion of ambrosia {unknown}
 j - 2 potions of curing
 k - a potion of haste
 l - a potion of magic
 m - 5 potions of brilliance
 n - 3 potions of invisibility
 u - a potion of cancellation {unknown}
 v - a potion of might


   Skills:
 + Level 6.7 Fighting
 + Level 9.0 Axes
 + Level 7.7 Dodging
 + Level 2.3 Stealth
 + Level 6.3 Unarmed Combat


You had 10 spell levels left.
You didn't know any spells.
Your spell library was empty.

Dungeon Overview and Level Annotations

Branches:
Dungeon (10/15)            Temple (0/1) D:4            Lair (0/6) D:10
  Sewer (visited)
    Orc: D:9-12

Altars:
Elyvilon
Gozag
Kikubaaqudgha
Makhleb
Nemelex Xobeh
Okawaru
Trog
Uskayaw
Wu Jian
Xom
Yredelemnul
Zin
The Shining One

Shops:
D:5 ***

Annotations:
D:10 Joseph


Innate Abilities, Weirdness & Mutations

You are too large for most types of armour.
You have claws for hands.
Your natural rate of healing is unusually fast.
You are covered in fur. (AC +1)
You have tough skin. (AC +1)
Your flesh is cold resistant. (rC+)


Message History

Joseph hits you with a +0 quarterstaff!
You closely miss Joseph.
Joseph is severely wounded.
Joseph is no longer moving slowly.
Joseph closely misses you.
You barely miss Joseph.
Joseph is severely wounded.
You radiate an aura of cold.
Joseph seems to slow down.
Joseph hits you with a +0 quarterstaff!
* * * LOW HITPOINT WARNING * * *
Joseph hits you with a +0 quarterstaff!
* * * LOW HITPOINT WARNING * * *
You feel much better.
Joseph is no longer moving slowly.
Your skin crawls.
You feel strong-willed. Joseph hits you with a +0 quarterstaff.
You closely miss Joseph.
Joseph is severely wounded.
Joseph barely misses you. Joseph hits you with a +0 quarterstaff.
You closely miss Joseph.
Joseph is severely wounded.
Joseph hits you with a +0 quarterstaff!
* * * LOW HITPOINT WARNING * * *
You barely miss Joseph.
Joseph is severely wounded.
Joseph hits you with a +0 quarterstaff!
* * * LOW HITPOINT WARNING * * *
Joseph smiles happily.
Joseph barely misses you.
You hit Joseph.
Joseph is severely wounded.
Joseph says, "I'm happy to see you. And I'll be happy to kill you."
Joseph hits you with a +0 quarterstaff!
* * * LOW HITPOINT WARNING * * *
You barely miss Joseph.
Joseph is severely wounded.
You radiate an aura of cold.
Joseph resists.
Joseph hits you with a +0 quarterstaff!
* * * LOW HITPOINT WARNING * * *
Joseph hits you with a +0 quarterstaff!
You die...

........# . #...... .
.... #. ###.#####
###.#####.#..##.##
#......#.....#...##
..........#.......###
..........##........#
...##.@.###...#....##
......@.## #.#.##....#..
.....#######......##....
.... ###..P...........
... #...PP.P..P...... ..
.#P........P....#. .
.....P............
.....PP.....P.....
.P.P.PPPP.)....)).


You could see Joseph.

Vanquished Creatures
  A two-headed ogre (D:9)
  Pikel (D:8)
  3 rime drakes (D:7)
  Psyche (D:8)
  A hornet (D:9)
  6 yaks (D:9)
  2 steam dragons (D:8)
  An acid dragon (D:7)
  2 orc warriors
  3 ice beasts
  3 sky beasts
  2 black bears
  A necrophage (D:6)
  An ogre (D:6)
  5 centaurs
  2 phantoms
  2 kobold brigands (Sewer)
  2 bullfrogs
  6 scorpions
  A wyvern skeleton (D:7)
  6 howler monkeys
  2 hounds
  7 orc priests
  A bullfrog skeleton (D:6)
  A centaur skeleton (D:7)
  A gnoll shaman (D:6)
  Jessica (D:3)
  An iguana (D:4)
  4 orc wizards
  A hound zombie (D:5)
  5 river rats (Sewer)
  5 adders
  2 white imps
  3 ufetubi (D:6)
  4 worms
  2 dart slugs
  30 orcs
  7 endoplasms
  9 giant cockroaches
  10 goblins
  3 hobgoblins
  11 jackals (D:2)
  21 kobolds
  6 quokkas
  9 ball pythons
  4 bats
  4 frilled lizards
  21 rats
227 creatures vanquished.

Vanquished Creatures (collateral kills)
  A hydra (D:9)
  A komodo dragon (D:10)
  2 water moccasins (D:10)
  An orc warrior (D:10)
  A black bear (D:10)
  2 bullfrogs (D:10)
  A scorpion (D:10)
  5 orcs (D:10)
14 creatures vanquished.

Vanquished Creatures (others)
  18 fungi (D:10)
  17 plants (D:10)
35 creatures vanquished.

Grand Total: 276 creatures vanquished

Notes
Turn   | Place    | Note
-------+----------+-------------------------------------------
     0 | D:1      | Krazlmac the Troll Berserker began the quest for the Orb.
     0 | D:1      | Reached XP level 1. HP: 22/22 MP: 0/0
   118 | D:1      | Reached XP level 2. HP: 29/29 MP: 1/1
  1036 | D:2      | Reached ** piety under Trog
  1041 | D:2      | Reached XP level 3. HP: 36/36 MP: 2/2
  1243 | D:2      | Reached XP level 4. HP: 44/44 MP: 3/3
  1806 | D:3      | Found a faded altar of an unknown god.
  1968 | D:3      | Found a glowing drain.
  1978 | D:3      | Reached *** piety under Trog
  1981 | Sewer    | Entered a sewer
  2035 | Sewer    | HP: 2/44 [kobold (1)]
  2191 | Sewer    | Reached XP level 5. HP: 52/52 MP: 4/4
  2252 | Sewer    | Reached **** piety under Trog
  2359 | Sewer    | Reached skill level 5 in Unarmed Combat
  2362 | Sewer    | HP: 3/79 [kobold brigand (2)]
  2365 | Sewer    | Reached XP level 6. HP: 7/61 MP: 5/5
  2376 | Sewer    | Identified the +2 helmet "Coucvem" {Harm Int+4}
  2548 | Sewer    | Gained mutation: You possess an exceptional clarity of
                  | mind. [potion of mutation]
  2548 | Sewer    | Gained mutation: You evolve. [potion of mutation]
  2548 | Sewer    | Gained mutation: Your magical capacity is low. (-10% MP)
                  | [potion of mutation]
  2549 | Sewer    | Lost mutation: Your magical capacity is low. (-10% MP)
                  | [potion of mutation]
  2549 | Sewer    | Lost mutation: You evolve. [potion of mutation]
  2638 | D:3      | Noticed Jessica
  2641 | D:3      | Killed Jessica
  3359 | D:4      | Reached skill level 1 in Axes
  3359 | D:4      | Reached XP level 7. HP: 64/67 MP: 6/6
  3722 | D:4      | Found a glowing silver altar of Zin.
  3730 | D:4      | Found a sparkling altar of Nemelex Xobeh.
  3864 | D:4      | Found a staircase to the Ecumenical Temple.
  4010 | D:5      | Entered Level 5 of the Dungeon
  4141 | D:5      | Reached skill level 2 in Axes
  4382 | D:5      | Found an opulent altar of Gozag.
  4382 | D:5      | Found Gozag's Platinum Reserve.
  4441 | D:5      | Found Wyorhego's General Store.
  4580 | D:5      | Found Iojyhanuosch's Incredible Inventory.
  4586 | D:5      | Reached XP level 8. HP: 77/78 MP: 7/7
  4609 | D:5      | Reached skill level 3 in Axes
  4631 | D:5      | Reached skill level 5 in Dodging
  4631 | D:5      | Reached skill level 1 in Stealth
  4873 | D:5      | Found a hide-covered altar of Uskayaw.
  5551 | D:6      | Reached skill level 4 in Axes
  5855 | D:6      | Reached ***** piety under Trog
  5895 | D:6      | Reached XP level 9. HP: 70/85 MP: 8/8
  6029 | D:7      | Noticed a rime drake
  6030 | D:7      | Noticed a rime drake
  6031 | D:7      | Found the +4 skin of Zhor {*Englaciate rC+++ SInv}
  6032 | D:7      | Noticed a rime drake
  6367 | D:7      | Killed a rime drake
  6368 | D:7      | Reached skill level 5 in Fighting
  6368 | D:7      | Reached skill level 5 in Axes
  6370 | D:7      | Killed a rime drake
  6376 | D:7      | Killed a rime drake
  6427 | D:7      | Reached skill level 6 in Axes
  6459 | D:7      | Found a white marble altar of Elyvilon.
  6558 | D:7      | Found an ancient bone altar of Kikubaaqudgha.
  6558 | D:7      | Found a burning altar of Makhleb.
  6572 | D:7      | Found an ornate altar of the Wu Jian Council.
  6574 | D:7      | Found a shimmering altar of Xom.
  6576 | D:7      | Found a glowing golden altar of the Shining One.
  6725 | D:8      | Noticed Psyche
  6732 | D:8      | Killed Psyche
  6781 | D:8      | Reached skill level 7 in Axes
  6781 | D:8      | Reached XP level 10. HP: 95/98 MP: 9/9
  6787 | D:8      | Lost mutation: You possess an exceptional clarity of mind.
                  | [potion of mutation]
  6787 | D:8      | Gained mutation: Your flesh is cold resistant. (rC+)
                  | [potion of mutation]
  7002 | D:8      | Noticed Pikel
  7016 | D:8      | Killed Pikel
  7065 | D:8      | Found a basalt altar of Yredelemnul.
  7266 | D:9      | Reached skill level 8 in Axes
  7328 | D:9      | Noticed a two-headed ogre
  7346 | D:9      | Killed a two-headed ogre
  7371 | D:9      | Paralysed by a hornet for 3 turns
  7648 | D:9      | Noticed a seven-headed hydra
  7673 | D:9      | Killed a 14-headed hydra
  7849 | D:9      | Found an iron altar of Okawaru.
  7849 | D:9      | Found a bloodstained altar of Trog.
  8203 | D:10     | Entered Level 10 of the Dungeon
  8210 | D:10     | Found a staircase to the Lair.
  8221 | D:10     | Reached skill level 9 in Axes
  8221 | D:10     | Reached XP level 11. HP: 107/107 MP: 10/10
  8246 | D:10     | Noticed Joseph
  8268 | D:10     | Slain by Joseph

Illustrated notes

Levels and vault maps discovered:
D:1:      minmay_arrival_loop, layout_basic, chequers_serial_rivers_micro_a,
          st_stairs_8
D:2:      layout_loops_cross, columned_hall_lemuel, kennysheep_nondescript
D:3:      layout_loops_ring, hellmonk_ecumenical_altar_run_dry,
          gup_sewer_entry_pipe, kennysheep_generic_room_8, uniq_jessica
D:4:      layout_basic, minitemple, minmay_temple_entry_poolview
D:5:      layout_basic, mainiacjoe_overflow_cross_hatched,
          nicolae_gozag_zags_fifth_avenue, serial_shops, nicolae_shop_stone,
          nicolae_alphabet_shops
D:6:      layout_cave_pods, st_stairs_6, grunt_ministairs_7
D:7:      layout_basic, mainiacjoe_overflow_alcove_4,
          chequers_temple_overflow_minitemple, hellmonk_guarded_unrand_zhor
D:8:      layout_rooms, mainiacjoe_overflow_alcove_2, uniq_psyche, uniq_pikel
D:9:      layout_loops_cross, grunt_temple_overflow_bloody_war
D:10:     layout_cave_pools, due_lair_maze_entry_diamond, uniq_joseph,
          uniq_maggie

Skill      XL: |  1  2  3  4  5  6  7  8  9 10 |
---------------+-------------------------------+-----
Dodging        | 3 4 5 6 7 |  7.7
Unarmed Combat | 4 5 6 |  6.3
Fighting       | 3 4 5 6 |  6.7
Axes           | 1 2 4 7 9 |  9.0
Stealth        | 1 2 |  2.3

Action                   |  1- 3 |  4- 6 |  7- 9 | 10-12 || total
-------------------------+-------+-------+-------+-------++-------
Melee: Unarmed           |    93 |   202 |       |       ||   295
       Punch             |     2 |     4 |     9 |     5 ||    20
       Hand axe          |       |    44 |   265 |   109 ||   418
       Giant spiked club |       |       |       |    24 ||    24
Invok: Berserk           |     2 |     9 |     6 |     6 ||    23
       Trog's Hand       |       |     1 |     1 |     3 ||     5
       Brothers in Arms  |       |       |       |     2 ||     2
Evoke: Wand              |       |     1 |       |       ||     1
  Use: Potion            |     4 |     5 |       |     5 ||    14
       Scroll            |       |    12 |       |       ||    12
 Stab: Paralysed         |       |     2 |       |       ||     2
       Sleeping          |       |       |     2 |       ||     2
Armor: Animal skin       |    45 |    80 |   107 |    61 ||   293
Dodge: Dodged            |    75 |   147 |   153 |   117 ||   492
